 Dungeon Crawl Stone Soup version 0.30.0-5-g1a98f26d00 (webtiles) character file.

Game seed: 10861429745974316238

94 Irreverend the Firebug (level 4, -4/24 HPs)
             Began as a Tengu Fire Elementalist on May 8, 2023.
             Slain by an ogre
             ... wielding a +0 giant club
              (28 damage)
             ... on level 3 of the Dungeon.
             The game lasted 00:06:51 (2488 turns).

Irreverend the Firebug (Tengu Fire Elementalist)    Turns: 2488, Time: 00:06:52

Health: -4/24      AC:  2    Str:  9    XL:     4   Next: 63%
Magic:  5/9        EV: 12    Int: 17    God:
Gold:   127        SH:  0    Dex: 14    Spells: 2/8 levels left

rFire   . . .        (no weapon)
rCold   . . .        (no shield)
rNeg    . . .        a - +0 robe
rPois   .            (helmet restricted)
rElec   .            (no cloak)
rCorr   .            (no gloves)
SInv    .            (boots unavailable)
Will    .....        (no amulet)
Stlth   ++           (no ring)
HPRegen 0.24/turn    (no ring)
MPRegen 0.11/turn

%: no passive effects
@: no status effects
A: beak, talons 3
a: no special abilities


You were on level 3 of the Dungeon.
You visited 1 branch of the dungeon, and saw 3 of its levels.

You collected 127 gold pieces.

Inventory:

Armour
 a - a +0 robe (worn)
Jewellery
 m - a ring of fire
Scrolls
 e - 2 scrolls of noise {unknown}
 f - a scroll of immolation {unknown}
 g - 3 scrolls of teleportation {unknown}
 j - a scroll of enchant weapon {unknown}
 n - a scroll of blinking {unknown}
Potions
 b - 2 potions of magic
 c - 5 potions of lignification {unknown}
 d - 2 potions of cancellation {unknown}
 h - 2 potions of degeneration {unknown}
 i - a potion of berserk rage {unknown}
 k - 2 potions of curing {unknown}
 l - a potion of heal wounds {unknown}
 o - a potion of attraction {unknown}


   Skills:
 - Level 2.1 Dodging
 - Level 2.0 Stealth
 + Level 2.9 Spellcasting
 - Level 3.4 Conjurations
 * Level 0.0 Hexes
 + Level 4.2 Fire Magic


You had 2 spell levels left.
You knew the following spells:

 Your Spells              Type           Power      Damage    Failure   Level
a - Foxfire               Conj/Fire      60%        2x1d7     3%          1
b - Scorch                Fire           32%        2d6       4%          2
c - Inner Flame           Hex/Fire       9%         N/A       22%         3

Your spell library contained the following spells:

 Spells                   Type           Power      Damage    Failure   Level
 Poisonous Vapours        Pois/Air       4%         N/A       26%         2
 Volatile Blastmotes      Fire/Tloc      18%        2d11      22%         3
 Mephitic Cloud           Conj/Pois/Air  6%         N/A       32%         3
 Flame Wave               Conj/Fire      15%        2d7       34%         4
 Vhi's Electric Charge    Tloc/Air       4%         N/A       47%         3
 Manifold Assault         Tloc           2%         N/A       87%         4
 Freezing Cloud           Conj/Ice/Air   3%         6-21      97%         5
 Alistair's Intoxication  Tmut/Pois      1%         N/A       99%         5


Dungeon Overview and Level Annotations

Branches:
Dungeon (3/15)

Altars:

Shops:
D:1 [?


Innate Abilities, Weirdness & Mutations

You have a beak for a mouth.
You have claws for feet.


Message History

The ogre shouts!
The orc shouts!
The foxfire hits the orc but does no damage.
The foxfire hits the orc.
The orc is moderately wounded.
Casting: Foxfire (safe; 3% risk of failure)
Confirm with . or Enter, or press ? or * to list all spells.
You conjure some foxfire!
The foxfire hits the ogre.
The ogre is lightly wounded.
The foxfire hits the ogre.
The ogre is lightly wounded.
There is an open door here.
Casting: Foxfire (safe; 3% risk of failure)
Confirm with . or Enter, or press ? or * to list all spells.
Aiming: Inner Flame (extremely dangerous; 22% risk of failure)
Press: ? - help, Dir - move target, f - ogre
Aim: an ogre, wielding a +0 giant club (lightly wounded, chance to affect: 58%)
You miscast Inner Flame.
You are very lightly contaminated with residual magic.
Nothing appears to happen.
Casting: Inner Flame (extremely dangerous; 22% risk of failure)
Confirm with . or Enter, or press ? or * to list all spells.
You conjure some foxfire!
The foxfire hits the ogre.
The ogre is moderately wounded.
The foxfire hits the ogre.
The ogre is heavily wounded.
There is a stone staircase leading up here.
Casting: Foxfire (safe; 3% risk of failure)
Confirm with . or Enter, or press ? or * to list all spells.
You conjure some foxfire!
The foxfire hits the ogre.
The ogre is severely wounded.
The foxfire hits the ogre.
The ogre is almost dead.
Found 2 purple potions.
Your magical contamination has completely faded away.
The ogre attacks as you move away!
The ogre hits you with a +0 giant club!!
Ouch! That really hurt!
You die...

##########
#.@.......
#######O###.####
........# ...
#######o###.#
##.....#
#....####
#........!
######
#..†.#####
......##<......#


You could see an ogre and an orc.

Vanquished Creatures
  Robin (D:2)
  2 adders (D:2)
  3 worms (D:2)
  A dart slug (D:1)
  5 endoplasms
  10 goblins
  9 hobgoblins
  2 kobolds
  2 quokkas
  3 ball pythons
  4 bats (D:1)
  4 frilled lizards
  6 rats
52 creatures vanquished.

Vanquished Creatures (others)
  133 foxfires
133 creatures vanquished.

Grand Total: 185 creatures vanquished

Notes
Turn   | Place    | Note
-------+----------+-------------------------------------------
     0 | D:1      | Irreverend the Tengu Fire Elementalist began the quest for
                  | the Orb.
     0 | D:1      | Reached XP level 1. HP: 10/10 MP: 4/4
    38 | D:1      | Found Laompyir's Antique Armour Boutique.
   563 | D:1      | Reached XP level 2. HP: 15/15 MP: 3/6
   566 | D:1      | Learned a level 2 spell: Scorch
   789 | D:1      | Found a faded altar of an unknown god.
   880 | D:1      | Found Adogy's Magic Scroll Boutique.
  1329 | D:2      | Reached XP level 3. HP: 19/19 MP: 0/7
  1741 | D:2      | Noticed Robin
  1756 | D:2      | Killed Robin
  1757 | D:2      | Reached skill level 4 in Fire Magic
  1757 | D:2      | Reached XP level 4. HP: 24/24 MP: 2/9
  1925 | D:2      | Got the Secrets of Cankerous Orientation
  2368 | D:2      | Learned a level 3 spell: Inner Flame
  2459 | D:3      | Noticed an ogre
  2488 | D:3      | Slain by an ogre

Illustrated notes

Levels and vault maps discovered:
D:1:      denvon_arrival_waterhouse, layout_basic, serial_shops, shop, shop,
          dreamdust_ecumenical_altar_grove, minmay_misc_feat_iff
D:2:      layout_rooms, minmay_door_square, minmay_pentomino_pile, uniq_robin
D:3:      minmay_chambers_of_twos, layout_loops_ring

Skill      XL: |  1  2  3 |
---------------+----------+-----
Conjurations   | 2 3 |  3.4
Fire Magic     | 4 |  4.2
Dodging        | |  2.1
Stealth        | |  2.0
Spellcasting   | |  2.9

Action                     |  1- 3 |  4- 6 || total
---------------------------+-------+-------++-------
  Melee: Unarmed           |    13 |    12 ||    25
         Kick              |     4 |     6 ||    10
         Peck              |     2 |     2 ||     4
   Cast: Foxfire           |    52 |    30 ||    82
         Scorch            |     8 |     2 ||    10
 Armour: Robe              |     5 |     2 ||     7
  Dodge: Dodged            |    22 |    20 ||    42
